 Dungeon Crawl Stone Soup version 0.24.0-28-g17ded55e90 (webtiles) character file.

Game seed: 707712489718478458, levelgen mode: deterministic

82 grindst0ne the Skirmisher (level 4, -1/37 HPs)
             Began as a Human Artificer on Nov 11, 2019.
             Slain by an iguana (7 damage)
             ... on level 3 of the Dungeon.
             The game lasted 00:02:45 (2261 turns).

grindst0ne the Skirmisher (Human Artificer)         Turns: 2261, Time: 00:02:45

Health: -1/37      AC:  5    Str: 13    XL:     4   Next: 70%
Magic:  6/6        EV: 11    Int: 11    God:
Gold:   30         SH:  0    Dex: 14    Spells: 3/3 levels left

rFire    . . .     SeeInvis .   q - +0 mace
rCold    . . .     Gourm    .   (no shield)
rNeg     . . .     Faith    .   n - +0 ring mail
rPois    .         Spirit   .   (no helmet)
rElec    .         Reflect  .   (no cloak)
rCorr    .         Harm     .   (no gloves)
MR       .....                  (no boots)
Stlth    +.........             (no amulet)
HPRegen  0.12/turn              (no ring)
MPRegen  0.10/turn              (no ring)

@: no status effects
A: no striking features
a: no special abilities


You were on level 3 of the Dungeon.
You were not hungry.

You visited 1 branch of the dungeon, and saw 3 of its levels.

You collected 30 gold pieces.

Inventory:

Hand Weapons
 a - a +0 short sword
 q - a +0 mace (weapon)
Armour
 b - a +0 leather armour
 n - a +0 ring mail (worn)
Wands
 c - a wand of flame (15)
 d - a wand of enslavement (15)
 e - a wand of random effects (15)
Scrolls
 g - a scroll of fog {unknown}
 j - a scroll of enchant weapon {unknown}
 l - 2 scrolls of identify {unknown}
 m - a scroll of remove curse {unknown}
 o - 2 scrolls of enchant armour {unknown}
 t - a scroll of teleportation {unknown}
Potions
 h - a potion of flight {unknown}
 i - a potion of might {unknown}
 k - a potion of curing {unknown}
 p - a potion of lignification {unknown}
 r - a potion of degeneration {unknown}
Comestibles
 f - 6 rations
 s - 3 chunks of flesh


   Skills:
 + Level 4.1 Fighting
 - Level 1.0 Short Blades
 - Level 2.0 Dodging
 - Level 1.0 Stealth
 - Level 3.0 Evocations


You had 3 spell levels left.
You didn't know any spells.
Your spell library was empty.

Dungeon Overview and Level Annotations

Branches:
Dungeon (3/15)

Altars:
Hepliaklqana


Message History

You hit the iguana but do no damage.
The iguana is severely wounded.
The iguana bites you but does no damage.
You hit the iguana.
The iguana is severely wounded.
The iguana barely misses you.
You hit the iguana but do no damage.
The iguana is severely wounded.
The iguana bites you!
* * * LOW HITPOINT WARNING * * *
The iguana barely misses you.
A hobgoblin comes into view. It is wielding a +0 club.
The hobgoblin shouts!
You hit the iguana.
The iguana is severely wounded.
The iguana barely misses you.
You hit the iguana.
The iguana is almost dead.
The iguana barely misses you. The iguana bites you!
You die...

###### #.....# .......##
###########..
.......g######............
.....g.gl@..........###)..
........##.......†.(# #
........##....÷.....# .#
........##.[........# #.#
........##..........##..#
.......###.............#
.....................###
.##.######...........##
#............##


You could see an iguana and 3 hobgoblins.

Vanquished Creatures
  3 adders
  An ooze (D:3)
  A dart slug (D:1)
  A worm (D:3)
  5 bats
  4 giant cockroaches
  3 goblins
  6 hobgoblins
  5 jackals
  A quokka (D:2)
  4 frilled lizards
  5 kobolds
  9 rats
48 creatures vanquished.

Notes
Turn   | Place    | Note
-------+----------+-------------------------------------------
     0 | D:1      | grindst0ne the Human Artificer began the quest for the Orb.
     0 | D:1      | Reached XP level 1. HP: 15/15 MP: 3/3
   407 | D:1      | Reached XP level 2. HP: 18/22 MP: 4/4
   417 | D:1      | Reached skill level 2 in Fighting
   609 | D:1      | Reached XP level 3. HP: 25/28 MP: 5/5
   909 | D:1      | Reached skill level 3 in Fighting
  1691 | D:2      | Reached XP level 4. HP: 36/36 MP: 6/6
  1752 | D:3      | Found a hazy altar of Hepliaklqana.
  2065 | D:3      | Reached skill level 4 in Fighting
  2261 | D:3      | Slain by an iguana

Levels and vault maps discovered:
D:1:      minmay_arrival_widening_spiral_narrow, layout_rooms,
          minmay_pentomino_u2
D:2:      layout_basic, minmay_misc_feat_columns
D:3:      layout_rooms, lemuel_crystal_altar, first_ration,
          minmay_misc_feat_tiny, nemelex_dance_club_becter

Skill      XL: |  1  2  3  4 |
---------------+-------------+-----
Fighting       | 2 3 4 |  4.1
Short Blades   | |  1.0
Dodging        | |  2.0
Stealth        | |  1.0
Evocations     | |  3.0

Action                   |  1- 3 |  4- 6 || total
-------------------------+-------+-------++-------
Melee: Short sword       |    79 |       ||    79
       Mace              |    55 |    75 ||   130
  Eat: Chunk             |     3 |     2 ||     5
Armor: Leather armour    |    21 |       ||    21
       Ring mail         |    53 |    41 ||    94
Dodge: Dodged            |   112 |    89 ||   201
